 Dungeon Crawl Stone Soup version 0.31.0-1-g2c135a0 (webtiles) character file.

Game seed: 11270193890780306583

73 Ajunta the Sneak (level 4, -1/23 HPs)
             Began as a Spriggan Brigand on Apr 11, 2024.
             Slain by a gnoll
             ... wielding a +0 halberd
              (13 damage)
             ... on level 2 of the Dungeon.
             The game lasted 00:13:38 (1751 turns).

Ajunta the Sneak (Spriggan Brigand)                 Turns: 1751, Time: 00:13:38

Health: -1/23      AC:  3    Str:  7    XL:     4   Next: 8%
Magic:  5/5        EV: 17    Int: 12    God:
Gold:   64         SH:  0    Dex: 18    Spells: 3/3 levels left

rFire   . . .        a - +2 dagger
rCold   . . .        (no shield)
rNeg    . . .        b - +0 robe
rPois   .            (helmet restricted)
rElec   .            c - +0 cloak
rCorr   .            (gloves unavailable)
SInv    +            (boots unavailable)
Will    +....        (no amulet)
Stlth   ++++         g - ring of willpower
HPRegen 0.23/turn    (no ring)
MPRegen 0.09/turn

%: no passive effects
@: very quick
A: very small, no large weapons, unfitting armour, see invisible, speed 3
a: no special abilities


You were on level 2 of the Dungeon.
You visited 1 branch of the dungeon, and saw 2 of its levels.

You collected 64 gold pieces.

Inventory:

Hand Weapons
 a - a +2 dagger (weapon)
Missiles
 d - 2 poisoned darts (quivered)
 e - 3 curare-tipped darts
Armour
 b - a +0 robe (worn)
 c - a +0 cloak (worn)
Jewellery
 f - a ring of ice
 g - a ring of willpower (left hand)
 k - an amulet of faith
Scrolls
 l - a scroll of amnesia {unknown}
 m - 2 scrolls of enchant weapon {unknown}
Potions
 h - 2 potions of haste
 i - a potion of might {unknown}
 j - a potion of curing


   Skills:
 + Level 1.8 Fighting
 + Level 3.2 Short Blades
 + Level 2.0 Throwing
 + Level 1.9 Dodging
 + Level 7.3 Stealth


You had 3 spell levels left.
You didn't know any spells.
Your spell library contained the following spells:

 Spells                   Type           Power      Damage    Failure   Level
 Apportation              Tloc           0%         N/A       32%         1
 Necrotise                Necr           0%         1d4       32%         1
 Sting                    Conj/Alch      0%         1d3       32%         1
 Summon Small Mammal      Summ           0%         N/A       32%         1
 Stone Arrow              Conj/Erth      0%         3d7       69%         3
 Animate Armour           Summ/Erth      0%         N/A       97%         4
 Lehudib's Crystal Spear  Conj/Erth      0%         10d2      100%        8


Dungeon Overview and Level Annotations

Branches:
Dungeon (2/15)

Altars:
Nemelex Xobeh

Shops:
D:1 :


Innate Abilities, Weirdness & Mutations

You are very small and have problems with some larger weapons.
You are too small for most types of armour.
You have supernaturally acute eyesight. (SInv)
You cover ground extremely quickly. (Speed+++)


Message History

You see here 7 stones.
Throw: 8 darts (poison)
Press: ? - help, Q - select action, (/) - cycle Shift-Dir - straight line, f/p - gnoll
Aim: a gnoll, wielding a +0 halberd (63% to hit)
You throw a poisoned dart. The poisoned dart hits the gnoll.
The gnoll is poisoned.
Throw: 7 darts (poison)
Press: ? - help, Q - select action, (/) - cycle Shift-Dir - straight line, f/p - gnoll
Aim: a gnoll, wielding a +0 halberd (lightly wounded, poisoned, 63% to hit)
You throw a poisoned dart.
The poisoned dart closely misses the gnoll.
Throw: 6 darts (poison)
Press: ? - help, Q - select action, (/) - cycle Shift-Dir - straight line, f/p - gnoll
Aim: a gnoll, wielding a +0 halberd (moderately wounded, poisoned, 63% to hit)
You throw a poisoned dart. The poisoned dart hits the gnoll.
The gnoll looks even sicker.
The gnoll is moderately wounded.
Throw: 5 darts (poison)
Press: ? - help, Q - select action, (/) - cycle Shift-Dir - straight line, f/p - gnoll
Aim: a gnoll, wielding a +0 halberd (heavily wounded, very poisoned, 63% to hit)
You throw a poisoned dart. The poisoned dart hits the gnoll.
The gnoll looks even sicker.
The gnoll is heavily wounded.
Throw: 4 darts (poison)
Press: ? - help, Q - select action, (/) - cycle Shift-Dir - straight line, f/p - gnoll
Aim: a gnoll, wielding a +0 halberd (severely wounded, very poisoned, 63% to hit)
You throw a poisoned dart.
The poisoned dart barely misses the gnoll.
You see here 4 stones.
Throw: 3 darts (poison)
Press: ? - help, Q - select action, (/) - cycle Shift-Dir - straight line, f/p - gnoll
Aim: a gnoll, wielding a +0 halberd (almost dead, very poisoned, 63% to hit)
You throw a poisoned dart.
The poisoned dart closely misses the gnoll.
There is an open door here.
The gnoll attacks as it pursues you! The gnoll barely misses you.
The gnoll attacks as it pursues you!
The gnoll hits you from afar with a +0 halberd!
Ouch! That really hurt!
You die...

#.####..# ####(#..g..#
#.(..#g###.# #.####.# #.# #####(#
#g# #.# #..(..# #g. ..# ##
###g############## .# ######
#..............#### .# #....#
#.@................
.#######....###.........)..#.####
.##....'................##.#.####
.##.####....#####[##..#.#........
###.#.........#.....###.#...#####
# #.#.##...)#.#.#...###.#[..# #
#.#.........#.##..[.......# #
#.#######...#.#...........# #
#.#...#.....#.#........##.#


You could see a gnoll (very poisoned).

Vanquished Creatures
  A gnoll (D:2)
  An adder (D:2)
  2 dart slugs (D:1)
  5 endoplasms
  3 giant cockroaches (D:1)
  6 goblins
  2 hobgoblins (D:2)
  7 jackals (D:1)
  A kobold (D:2)
  3 quokkas (D:1)
  7 ball pythons (D:1)
  3 bats
  2 rats (D:1)
43 creatures vanquished.

Notes
Turn   | Place    | Note
-------+----------+-------------------------------------------
     0 | D:1      | Ajunta the Spriggan Brigand began the quest for the Orb.
     0 | D:1      | Reached XP level 1. HP: 10/10 MP: 2/2
    76 | D:1      | Reached skill level 6 in Stealth
   339 | D:1      | Reached XP level 2. HP: 9/14 MP: 3/3
   404 | D:1      | Found Ineqat's Book Boutique.
   643 | D:1      | Reached skill level 7 in Stealth
   673 | D:1      | Reached XP level 3. HP: 15/18 MP: 4/4
  1247 | D:2      | Found a sparkling altar of Nemelex Xobeh.
  1717 | D:2      | Reached XP level 4. HP: 8/23 MP: 5/5
  1751 | D:2      | Slain by a gnoll

Illustrated notes

Levels and vault maps discovered:
D:1:      co_arrival_random_square_maze, layout_basic, serial_shops,
          nicolae_shop_real_fake_doors, st_stairs_11
D:2:      layout_basic, basic_altar, minmay_domino_2

Skill      XL: |  1  2  3 |
---------------+----------+-----
Stealth        | 6 7 |  7.3
Short Blades   | 3 |  3.2
Fighting       | |  1.8
Throwing       | |  2.0
Dodging        | |  1.9

Action                     |  1- 3 |  4- 6 || total
---------------------------+-------+-------++-------
  Melee: Dagger            |   158 |     1 ||   159
         Punch             |     2 |       ||     2
  Throw: Dart              |       |     7 ||     7
    Use: Scroll            |     5 |       ||     5
         Potion            |     2 |       ||     2
   Stab: Sleeping          |     8 |       ||     8
         Distracted        |     3 |       ||     3
 Armour: Robe              |    52 |     2 ||    54
  Dodge: Dodged            |   124 |     3 ||   127
